 Dungeon Crawl Stone Soup version 0.21-a0-578-gc6e9d75 (webtiles) character file.

310 slep the Chopper (level 6, -4/46 HPs)
             Began as a Demonspawn Gladiator on Dec 19, 2017.
             Slain by Blork the orc
             ... wielding a +0 scimitar
              (13 damage)
             ... on level 4 of the Dungeon.
             The game lasted 00:07:38 (2332 turns).

slep the Chopper (Demonspawn Gladiator)             Turns: 2332, Time: 00:07:39

Health: -4/46      AC:  4    Str: 15    XL:     6   Next: 17%
Magic:  6/6        EV: 13    Int:  9    God:
Gold:   187        SH:  0    Dex: 16    Spells: 5/5 levels left

rFire    . . .     SeeInvis .   a - +0 war axe
rCold    + . .     Gourm    .   (no shield)
rNeg     . . .     Faith    .   b - +0 leather armour
rPois    .         Spirit   .   (helmet restricted)
rElec    .         Reflect  .   (no cloak)
rCorr    .         Harm     .   (no gloves)
MR       .....                  i - +0 pair of boots
Stlth    ++........             (no amulet)
HPRegen  0.15/turn              u - ring of protection from cold
MPRegen  0.10/turn              (no ring)

@: no status effects
A: antennae 1, demonic guardian 1, powered by death 1
a: no special abilities


You were on level 4 of the Dungeon.
You were hungry.

You visited 1 branch of the dungeon, and saw 4 of its levels.

You collected 187 gold pieces.

Inventory:

Hand Weapons
 a - a +0 war axe (weapon)
 v - a +0 blowgun
Missiles
 d - 3 throwing nets (quivered)
 m - 44 sling bullets
 x - 7 poisoned needles
Armour
 b - a +0 leather armour (worn)
 c - a +0 helmet
 i - a +0 pair of boots (worn)
Jewellery
 u - a ring of protection from cold (left hand)
Wands
 C - a wand of acid (1)
Scrolls
 h - a scroll of fog {unknown}
 j - a scroll of magic mapping {unknown}
 k - 8 scrolls of identify {unknown}
 n - 2 scrolls of enchant weapon {unknown}
 o - 3 scrolls of fear {unknown}
 p - 7 scrolls of teleportation {unknown}
 s - a scroll of remove curse {unknown}
 w - a scroll of enchant armour {unknown}
 y - a scroll of immolation {unknown}
Potions
 e - 3 potions of curing {unknown}
 g - a potion of magic {unknown}
 l - a potion of agility {unknown}
 q - a potion of heal wounds {unknown}
 r - a potion of might {unknown}
 t - a potion of brilliance {unknown}
 z - a potion of resistance {unknown}
 A - 2 potions of flight {unknown}
 B - a potion of mutation {unknown}
Comestibles
 f - 4 rations


   Skills:
 + Level 2.7 Fighting
 + Level 4.7 Axes
 + Level 1.8 Throwing
 + Level 2.2 Armour
 + Level 3.5 Dodging
 + Level 1.3 Stealth


You had 5 spell levels left.
You didn't know any spells.

Dungeon Overview and Level Annotations

Branches:
Dungeon (4/15)
 Temple: D:4-7

Altars:
Hepliaklqana

Annotations:
D:4 Blork the orc


Innate Abilities, Weirdness & Mutations

You have a pair of small antennae on your head.
A weak demonic guardian rushes to your aid.
You regenerate a little health from kills.


Message History

Blork the orc hits you but does no damage.
The worker ant bites you. Blork the orc hits you with a scimitar!
* * * LOW HITPOINT WARNING * * *
Your white imp hits the worker ant but does no damage.
The worker ant barely misses you.
You closely miss the worker ant.
The worker ant is lightly wounded.
You hit Blork the orc but do no damage.
Blork the orc points at you and mumbles some strange words.
The magic dart hits you!
* * * LOW HITPOINT WARNING * * *
The worker ant barely misses you.
Your white imp hits the worker ant but does no damage.
Blork the orc barely misses you.
You hit Blork the orc.
Blork the orc is heavily wounded.
You closely miss the worker ant. The worker ant closely misses you.
Your white imp barely misses the worker ant.
Blork the orc hits you with a scimitar!
You die...

##....####.###.#
##.#.#.............
#.##.##.###.##.##.#
............<...#$#
...#.##.###.....#.#
##.#............#.#
##.....>.........###.#
########.......o....#.
#......@a(.....
#......5..####.
####...#### #...#
#...# #####


You could see Blork the orc, a worker ant and a friendly white imp.

Vanquished Creatures
  The ghost of devnull the Cutter, an amateur KoAs (D:3)
  A water moccasin skeleton (D:4)
  A jelly (D:4)
  A worker ant (D:4)
  An adder (D:3)
  A worm (D:2)
  A dart slug (D:1)
  4 leopard geckos
  5 orcs
  A ball python (D:2)
  4 bats
  2 giant cockroaches
  6 hobgoblins
  4 jackals (D:1)
  A quokka (D:3)
  A frilled lizard (D:2)
  8 goblins
  8 kobolds
  13 rats
64 creatures vanquished.

Vanquished Creatures (collateral kills)
  An ogre (D:4)
  An iguana (D:4)
2 creatures vanquished.

Grand Total: 66 creatures vanquished

Notes
Turn   | Place    | Note
-------+----------+-------------------------------------------
     0 | D:1      | slep the Demonspawn Gladiator began the quest for the Orb.
     0 | D:1      | Reached XP level 1. HP: 16/16 MP: 1/1
   103 | D:1      | Gained mutation: A weak demonic guardian rushes to your aid. [demonic ancestry]
   103 | D:1      | Reached XP level 2. HP: 19/22 MP: 2/2
   171 | D:1      | Reached skill level 3 in Axes
   584 | D:2      | Gained mutation: You have a pair of small antennae on your head. [demonic ancestry]
   584 | D:2      | Reached XP level 3. HP: 27/27 MP: 3/3
  1305 | D:2      | Found a hazy altar of Hepliaklqana.
  1554 | D:3      | Noticed devnull's ghost (amateur KoAs)
  1564 | D:3      | Killed devnull's ghost
  1564 | D:3      | Reached skill level 1 in Armour
  1564 | D:3      | Reached skill level 1 in Stealth
  1564 | D:3      | Gained mutation: You regenerate a little health from kills. [demonic ancestry]
  1564 | D:3      | Reached XP level 4. HP: 25/34 MP: 4/4
  1757 | D:3      | Reached skill level 4 in Axes
  1757 | D:3      | Reached XP level 5. HP: 17/39 MP: 5/5
  2170 | D:4      | Noticed an ogre
  2176 | D:4      | Killed an ogre
  2188 | D:4      | Reached XP level 6. HP: 33/46 MP: 6/6
  2325 | D:4      | Noticed Blork the orc
  2332 | D:4      | Slain by Blork the orc

Vault maps used:
D:1:      minmay_arrival_four_loops
D:2:      lemuel_round_altar, minmay_rat_gold_closets
D:4:      vehumet_altar_wand_db, uniq_blork_the_orc, uniq_natasha

Skill      XL: |  1  2  3  4  5 |
---------------+----------------+-----
Dodging        | 3 |  3.5
Axes           | 3 4 |  4.7
Armour         | 1 2 |  2.2
Stealth        | 1 |  1.3
Fighting       | |  2.7
Throwing       | |  1.8

Action                   |  1- 3 |  4- 6 || total
-------------------------+-------+-------++-------
Melee: War axe           |   131 |    73 ||   204
 Stab: Sleeping          |     5 |       ||     5
  Eat: Chunk             |     2 |     2 ||     4
Armor: Leather armour    |    34 |    21 ||    55
Dodge: Dodged            |   102 |    64 ||   166

Table legend:
 A = Spawn XP
 B = Non-spawn XP
 C = Spawn XP percentage of total XP
 D = Spawn monster count
 E = Non-spawn monster count
 F = Spawn count percentage of total count
 G = Total turns spent on level
                    A         B        C        D         E        F      G
               +---------+---------+-------+---------+---------+-------+---------
         Total |       0 |     443 |   0.0 |       0 |      66 |   0.0 |  2332
               +---------+---------+-------+---------+---------+-------+---------
           D:1 |       0 |      35 |   0.0 |       0 |      19 |   0.0 |   537
           D:2 |       0 |      40 |   0.0 |       0 |      24 |   0.0 |   942
           D:3 |       0 |     140 |   0.0 |       0 |      15 |   0.0 |   622
           D:4 |       0 |     228 |   0.0 |       0 |       8 |   0.0 |   231
               +---------+---------+-------+---------+---------+-------+---------
